 Dungeon Crawl Stone Soup version 0.26.0-10-g1f06aea511 (webtiles) character file.

Game seed: 11677645967852693417

23 Dracia the Poker (level 2, 0/22 HPs)
             Began as a Demonspawn Gladiator on Jan 17, 2021.
             Succumbed to an adder's poison
             ... on level 1 of the Dungeon.
             The game lasted 00:01:32 (971 turns).

Dracia the Poker (Demonspawn Gladiator)              Turns: 971, Time: 00:01:33

Health: 0/22       AC: 10    Str: 14    XL:     2   Next: 75%
Magic:  11/11      EV:  4    Int:  9    God:
Gold:   55         SH:  0    Dex: 14    Spells: 1/1 levels left

rFire    . . .     SeeInvis .     - Unarmed
rCold    . . .     Faith    .   (no shield)
rNeg     . . .     Spirit   .   g - +0 plate armour
rPois    .         Reflect  .   (helmet restricted)
rElec    .         Harm     .   (no cloak)
rCorr    .         Rampage  .   (no gloves)
Will     .....                  (no boots)
Stlth    ..........             j - amulet of magic regeneration
HPRegen  0.07/turn              W - ring of magical power
MPRegen  0.37/turn              (no ring)

@: lethally poisoned (0 -> -7), attractive
A: antennae 1
a: no special abilities


You were on level 1 of the Dungeon.
You visited 1 branch of the dungeon, and saw 2 of its levels.

You collected 55 gold pieces.


Innate Abilities, Weirdness & Mutations

You have a pair of small antennae on your head.


   Skills:
 + Level 2.1 Fighting
 - Level 3.3 Polearms
 - Level 1.7 Throwing
 - Level 2.6 Dodging
 * Level 1.1 Unarmed Combat


You had one spell level left.
You didn't know any spells.
Your spell library was empty.

Inventory:

Missiles
 d - 3 throwing nets (quivered) {=f=f}
Armour
 b - a +0 leather armour
 c - a +0 helmet
 g - a +0 plate armour (worn)
Jewellery
 j - an amulet of magic regeneration (around neck)
 W - a ring of magical power (left hand)
Scrolls
 f - a scroll of fear {unknown}
 h - 3 scrolls of identify {unknown}
Potions
 i - a potion of attraction
 k - a potion of haste {unknown}

Dungeon Overview and Level Annotations

Branches:
Dungeon (2/15)

Altars:

.....# #.............#..
.....### ##########'####..
###....# #.....# #..
#....########### #.....# ##.
#..)...........# #.....# #.
#..............# #.....# #.
#..............# #.....# #.
###....(.........# #.....# #.
#..............r@######.....#
##
#)###########...S....##.....#
# #.### #........##..)..#####
....# #........#####'##....
.)..# #.........#.†..##....
..^.# #.........#.#####.†..
....# #.........#...#......
....# #######..)###.#.#....
....# #..†....#.#....


You could see an adder and a quokka.


Message History

The adder is severely wounded.
The quokka bites you.
* * * LOW HITPOINT WARNING * * *
The adder bites you.
* * * LOW HITPOINT WARNING * * *
The quokka barely misses you. The adder barely misses you.
You closely miss the adder.
The adder is severely wounded.
The adder bites you but does no damage.
The quokka bites you but does no damage.
You completely miss the adder.
The adder is severely wounded.
The adder bites you but does no damage.
The quokka bites you but does no damage.
You hit the adder.
The adder is almost dead.
The adder bites you.
* * * LOW HITPOINT WARNING * * *
The quokka bites you but does no damage.
You miss the adder.
The adder is almost dead.
The adder bites you.
* * * LOW HITPOINT WARNING * * *
You are lethally poisoned!
The adder poisons you!
The quokka bites you but does no damage.
The adder bites you but does no damage.
It was a potion of attraction.
You feel attractive to monsters.
You die...

Skill      XL: |  1  2 |
---------------+-------+-----
Polearms       | 3 |  3.3
Unarmed Combat | 1 |  1.1
Fighting       | |  2.1
Throwing       | |  1.7
Dodging        | |  2.6

Action                   || total
-------------------------++-------
Melee: Trident           ||    13
       Unarmed           ||   115
  Use: Scroll            ||     1
       Potion            ||     1
Armor: Leather armour    ||     3
       Plate armour      ||   101
Dodge: Dodged            ||    30

Levels and vault maps discovered:
D:1:      minmay_arrival_widening_spiral_wide, layout_basic,
          amcnicky_mini_corridor_feature, minmay_crystal_room
D:2:      layout_rooms, lemuel_zombie_altar_kikubaaqudgha,
          dancing_weapons_uskayaw, minmay_quantized, uniq_sigmund, uniq_jessica

Notes
Turn   | Place    | Note
-------+----------+-------------------------------------------
     0 | D:1      | Dracia the Demonspawn Gladiator began the quest for the
                  | Orb.
     0 | D:1      | Reached XP level 1. HP: 16/16 MP: 1/1
   126 | D:1      | Reached skill level 3 in Polearms
   153 | D:1      | You feel monstrous as your demonic heritage exerts itself.
   153 | D:1      | Gained mutation: You have a pair of small antennae on your
                  | head. [demonic ancestry]
   153 | D:1      | Reached XP level 2. HP: 18/22 MP: 2/2
   764 | D:1      | Reached skill level 1 in Unarmed Combat
   970 | D:1      | HP: 1/22 [adder (2)]
   971 | D:1      | Succumbed to an adder's poison

Vanquished Creatures
  An ooze (D:1)
  A leopard gecko (D:1)
  A goblin (D:1)
  5 hobgoblins (D:1)
  2 kobolds (D:1)
  A ball python (D:1)
  2 bats (D:1)
  5 rats (D:1)
18 creatures vanquished.

Table legend: (Time is in decaauts)
 A = Elapsed time spent in this place.
 B = Non-inter-level travel time spent in this place.
 C = Inter-level travel time spent in this place.
 D = Time resting spent in this place.
 E = Time spent auto-exploring this place.
 F = Levels seen in this place.
 G = Mean time per level.
                   A        B        C        D        E       F      G
               +--------+--------+--------+--------+--------+-----+--------+
         Total |    971 |    949 |     22 |      0 |    742 |   2 |  485.5 |
       Dungeon |    971 |    949 |     22 |      0 |    742 |   2 |  485.5 |
               +--------+--------+--------+--------+--------+-----+--------+

Top non-repeatable levels by time:
     D:1: 967 daAuts
     D:2: 3 daAuts

Table legend:
 A = Non-vault XP
 B = Vault XP
 C = Vault XP percentage of total XP
 D = Non-vault monster count
 E = Vault monster count
 F = Vault count percentage of total count
                 A         B        C        D         E       F
            +---------+---------+-------+---------+---------+-------
      Total |      34 |       0 |   0.0 |      18 |       0 |   0.0
            +---------+---------+-------+---------+---------+-------
        D:1 |      34 |       0 |   0.0 |      18 |       0 |   0.0
            +---------+---------+-------+---------+---------+-------
